 Dungeon Crawl Stone Soup version 0.22-a0-159-g7ce444f (webtiles) character file.

2002 theanonym the Basher (level 9, 0/68 HPs)
             Began as a Mummy Skald on Feb 9, 2018.
             Was an Initiate of Gozag.
             Slain by Pikel
             ... wielding a +2 whip of electrocution
              (11 damage)
             ... on level 7 of the Dungeon.
             The game lasted 00:16:34 (7505 turns).

theanonym the Basher (Mummy Skald)                  Turns: 7505, Time: 00:16:35

Health: 0/68       AC:  8    Str: 17    XL:     9   Next: 2%
Magic:  11/13      EV: 10    Int: 14    God:    Gozag
Gold:   118        SH:  0    Dex: 12    Spells: 7/13 levels left

rFire    x . .     SeeInvis .   c - +4 whip "Osso" {vamp, rElec rF- Int+2}
rCold    + . .     Gourm    .   (no shield)
rNeg     + + +     Faith    .   d - +0 scale mail
rPois    ∞         Spirit   .   l - +1 hat
rElec    +         Reflect  .   (no cloak)
rCorr    +         Harm     .   j - +0 pair of gloves (curse)
MR       +....                  (no boots)
Stlth    ..........             h - amulet of the acrobat
HPRegen  0.21/turn              u - ring of resist corrosion
MPRegen  0.13/turn              s - ring of protection from fire

@: about to teleport
A: no food or potions, fire vulnerability, cold resistance 1, negative energy
resistance 3, torment resistance, unbreathing
a: Potion Petition, Call Merchant, Bribe Branch, Renounce Religion


Innate Abilities, Weirdness & Mutations

You do not eat or drink.
Your flesh is vulnerable to fire.
You are immune to poison.
Your flesh is cold resistant. (rC+)
You are immune to negative energy. (rN+++)
You are immune to unholy pain and torment.
You can survive without breathing.


   Skills:
 - Level 5.0 Fighting
 * Level 9.2 Maces & Flails
 - Level 0.7 Armour
 - Level 1.5 Dodging
 - Level 2.6 Spellcasting
 - Level 2.4 Charms


You had 7 spell levels left.
You knew the following spells:

 Your Spells              Type           Power        Failure   Level  Hunger
a - Infusion              Chrm           #...         28%         1    N/A
b - Spectral Weapon       Hex/Chrm       #.......     82%         3    N/A
c - Song of Slaying       Chrm           #.......     41%         2    N/A

Skill      XL: |  1  2  3  4  5  6  7  8 |
---------------+-------------------------+-----
Maces & Flails | 2 3 4 5 7 9 |  9.2
Fighting       | 3 4 5 |  5.0
Armour         | |  0.7
Dodging        | |  1.5
Spellcasting   | |  2.6
Charms         | |  2.4

Action                   |  1- 3 |  4- 6 |  7- 9 || total
-------------------------+-------+-------+-------++-------
Melee: Mace              |   137 |    25 |       ||   162
       Flail             |       |   179 |   173 ||   352
       Whip              |       |       |    42 ||    42
 Cast: Infusion          |     9 |    23 |    17 ||    49
Invok: Potion Petition   |       |       |     1 ||     1
Evoke: Wand              |       |       |     3 ||     3
  Use: Scroll            |     1 |     3 |     6 ||    10
 Stab: Invisible         |       |       |     4 ||     4
Armor: Scale mail        |    67 |   112 |    79 ||   258
Dodge: Dodged            |    74 |   115 |   100 ||   289

Inventory:

Hand Weapons
 a - a +3 flail
   (You took it off an orc on level 5 of the Dungeon)
 c - the +4 whip "Osso" (weapon) {vamp, rElec rF- Int+2}
   (You bought it in a shop on level 6 of the Dungeon)

   It inflicts no extra harm, but heals its wielder when it wounds a living foe.
   It affects your intelligence (+2).
   It makes you vulnerable to fire.
   It insulates you from electricity.
 e - a +0 flail
   (You took it off an orc on level 3 of the Dungeon)
 i - a +4 morningstar of protection
   (You bought it in a shop on level 6 of the Dungeon)
 p - a +0 mace
Armour
 b - a +0 leather armour
 d - a +0 scale mail (worn)
   (You found it on level 1 of the Dungeon)
 j - a cursed +0 pair of gloves (worn)
   (You found it on level 2 of the Dungeon)
 l - a +1 hat (worn)
   (You found it on level 2 of the Dungeon)
Jewellery
 h - an amulet of the acrobat (around neck)
   (You found it on level 1 of the Dungeon)
 s - a ring of protection from fire (right hand)
   (You found it on level 5 of the Dungeon)
 u - a ring of resist corrosion (left hand)
   (You found it on level 6 of the Dungeon)
Wands
 q - a wand of flame (21)
   (You found it on level 4 of the Dungeon)
Scrolls
 f - 2 scrolls of fog
 g - 2 scrolls of vulnerability {unknown}
 k - 3 scrolls of amnesia
 n - 2 scrolls of remove curse
 o - a scroll of noise {unknown}
 r - a scroll of fear {unknown}
 t - 4 scrolls of teleportation {!r}
 v - a scroll of enchant armour {unknown}
 y - 3 scrolls of magic mapping


You were on level 7 of the Dungeon.
You worshipped Gozag.
Gozag was aware of your devotion.
You were not hungry.

You visited 2 branches of the dungeon, and saw 8 of its levels.

You collected 582 gold pieces.
You spent 420 gold pieces at shops.
You paid 44 gold pieces to Gozag.

Dungeon Overview and Level Annotations

Branches:
Dungeon (7/15)             Temple (1/1) D:4

Altars:
Ashenzari
Cheibriados
Dithmenos
Fedhas
Gozag
Kikubaaqudgha
Nemelex Xobeh
Okawaru
Qazlal
Sif Muna
Trog
Wu Jian
Xom

Shops:
D:6 (

Annotations:
D:4 p0werm0de's ghost, amateur GnCK
D:6 exclusion: 3 centaurs
D:7 Pikel

### #<# #.#
#.# #.# ###
#.# p. #.#
.#
#.########.#
#.....@Kpp.#
############
$


You could see Pikel (berserk) and 2 slaves.

Notes
Turn   | Place    | Note
-------+----------+-------------------------------------------
     0 | D:1      | theanonym the Mummy Skald began the quest for the Orb.
     0 | D:1      | Reached XP level 1. HP: 16/16 MP: 4/4
   195 | D:1      | Reached skill level 2 in Maces & Flails
   372 | D:1      | Reached XP level 2. HP: 13/22 MP: 5/5
   761 | D:1      | Found a shattered altar of Ashenzari.
  1040 | D:2      | Reached XP level 3. HP: 24/28 MP: 0/7
  1151 | D:2      | HP: 13/28 [worm (3)]
  1817 | D:3      | Reached skill level 3 in Maces & Flails
  1861 | D:3      | Reached XP level 4. HP: 24/34 MP: 3/8
  1982 | D:3      | Reached skill level 3 in Fighting
  2013 | D:3      | HP: 17/35 [adder (4)]
  2962 | D:4      | Noticed p0werm0de's ghost (amateur GnCK)
  2970 | D:4      | HP: 17/35 [p0werm0de's ghost (7)]
  3165 | D:4      | Reached XP level 5. HP: 41/41 MP: 7/9
  3283 | D:4      | Reached skill level 4 in Maces & Flails
  3289 | D:4      | HP: 20/41 [worker ant (4)]
  3298 | D:4      | HP: 13/41 [worker ant (5)]
  3595 | D:4      | Learned a level 3 spell: Spectral Weapon
  3598 | D:4      | Learned a level 2 spell: Song of Slaying
  3650 | D:4      | Found a stormy altar of Qazlal.
  3850 | D:4      | Reached XP level 6. HP: 48/48 MP: 7/10
  3980 | D:4      | Found a staircase to the Ecumenical Temple.
  3998 | Temple   | Entered the Ecumenical Temple
  4009 | Temple   | Became a worshipper of Gozag Ym Sagoz the Greedy
  4126 | D:5      | Entered Level 5 of the Dungeon
  4178 | D:4      | Reached skill level 4 in Fighting
  4822 | D:5      | Reached skill level 5 in Maces & Flails
  4999 | D:5      | Noticed Jessica
  5124 | D:5      | Killed Jessica
  5141 | D:5      | Reached XP level 7. HP: 55/55 MP: 1/11
  5158 | D:5      | Noticed a hungry ghost
  5236 | D:5      | Killed a hungry ghost
  5236 | D:5      | Reached skill level 5 in Fighting
  5516 | D:5      | Found a deep blue altar of Sif Muna.
  5602 | D:6      | Reached skill level 6 in Maces & Flails
  5752 | D:6      | Noticed Duvessa
  5753 | D:6      | Noticed Dowan
  5769 | D:6      | Killed Duvessa
  5769 | D:6      | Reached skill level 7 in Maces & Flails
  5769 | D:6      | Reached XP level 8. HP: 52/62 MP: 12/12
  5775 | D:6      | Killed Dowan
  6035 | D:6      | Reached skill level 8 in Maces & Flails
  6607 | D:6      | HP: 28/62 [something (6)]
  6609 | D:6      | Noticed Grinder
  6859 | D:6      | Paralysed by Grinder for 6 turns
  6877 | D:6      | Paralysed by Grinder for 7 turns
  6885 | D:6      | Killed Grinder
  6885 | D:6      | Reached skill level 9 in Maces & Flails
  7053 | D:6      | Found Tadgh's Antique Weapon Boutique.
  7057 | D:6      | Bought an encrusted whip for 217 gold pieces
  7057 | D:6      | Identified the +4 whip "Osso" {vamp, rElec rF- Int+2} (You bought it in a shop on level 6 of the Dungeon)
  7271 | D:6      | Reached XP level 9. HP: 68/68 MP: 7/13
  7292 | D:6      | Bought a runed morningstar for 203 gold pieces
  7484 | D:7      | Noticed Pikel
  7499 | D:7      | HP: 28/68 [Pikel/whip of electrocution (11)]
  7504 | D:7      | HP: 11/68 [Pikel/whip of electrocution (11)]
  7505 | D:7      | Slain by Pikel

Vanquished Creatures
  Grinder (D:6)
  A hungry ghost (D:5)
  Duvessa (D:6)
  An ice beast (D:6)
  2 sky beasts (D:6)
  2 slaves (D:7)
  2 centaurs (D:6)
  3 bullfrogs (D:6)
  Dowan (D:6)
  2 scorpions
  3 wights (D:6)
  2 crimson imps (D:6)
  A bullfrog zombie (D:4)
  An orc priest (D:5)
  A hound (D:4)
  3 orc wizards (D:5)
  2 bullfrog skeletons
  Jessica (D:5)
  An iguana (D:6)
  4 worker ants
  A worker ant zombie (D:6)
  9 adders
  5 worms
  10 dart slugs
  2 leopard geckos
  12 orcs
  2 giant cockroaches (D:3)
  7 goblins
  6 hobgoblins
  2 jackals (D:4)
  5 kobolds
  2 quokkas
  6 bats
  4 frilled lizards
  A leopard gecko skeleton (D:5)
  2 quokka skeletons
  3 rats
114 creatures vanquished.

Table legend:
 A = Turns spent in this place as a percentage of turns spent in the entire game.
 B = Non-inter-level travel turns spent in this place as a percentage of non-inter-level travel turns spent in the entire game.
 C = Inter-level travel turns spent in this place as a percentage of turns spent in this place.
 D = Turns resting spent in this place as a percentage of non-inter-level travel turns spent in this place.
 E = Turns spent auto-exploring this place as a percentage of non-inter-level travel turns spent in this place.
 F = Non-inter-level travel turns spent in this place divided by the number of levels of this place that you've seen.
                   A       B       C       D       E      F
               +-------+-------+-------+-------+-------+----------------------
         Total | 100.0 | 100.0 |   5.0 |  39.9 |  42.6 | 890.9
       Dungeon |  99.7 |  99.9 |   4.8 |  39.9 |  42.6 | 1017.4
        Temple |   0.3 |   0.1 |  78.3 |   0.0 |  60.0 |   5.0
               +-------+-------+-------+-------+-------+----------------------
